 Dungeon Crawl Stone Soup version 0.30-a0-571-gdf30a72648 (webtiles) character file.

Game seed: 5599284830033729411

6468 Darkkill the Skirmisher (level 10, -9/93 HPs)
             Began as a Minotaur Hunter on Dec 29, 2022.
             Was an Initiate of Gozag.
             Mangled by a freezing wraith (34 damage)
             ... on level 9 of the Dungeon.
             The game lasted 00:11:30 (6878 turns).

Darkkill the Skirmisher (Minotaur Hunter)           Turns: 6878, Time: 00:11:30

Health: -9/93      AC: 18    Str: 16    XL:     10   Next: 68%
Magic:  9/9        EV:  6    Int:  6    God:    Gozag
Gold:   480        SH:  0    Dex: 13    Spells: 9/9 levels left

rFire   . . .      SeeInvis .    a - +0 arbalest
rCold   x . .      Faith    .    (shield currently unavailable)
rNeg    + + +      Spirit   .    u - +6 plate armour "Petyefe" {rC- rN+++ Regen+ rCorr Dex-5}
rPois   .          Reflect  .    (helmet restricted)
rElec   .          Harm     .    (no cloak)
rCorr   +          Rampage  .    o - +0 pair of gloves
Will    .....                    n - +0 pair of boots Stlth
                                 (no amulet)
HPRegen 1.15/turn                (no ring)
MPRegen 0.11/turn                (no ring)

@: slowed, very slow
A: horns 2, retaliatory headbutt
a: Renounce Religion, Potion Petition, Call Merchant, Bribe Branch


You were on level 9 of the Dungeon.
You worshipped Gozag.
Gozag was aware of your devotion.
You visited 2 branches of the dungeon, and saw 10 of its levels.

You collected 1702 gold pieces.
You spent 408 gold pieces at shops.
You paid 814 gold pieces to Gozag.

Inventory:

Hand Weapons
 a - a +0 arbalest (weapon)
 b - the +8 whip "Ecoghude" {spect, rN+ Dex+7}
   (You found it on level 3 of the Dungeon)

   When its wielder attacks, the weapon's spirit leaps out and strikes again.
   The spirit shares a part of any damage it takes with its wielder.
   Dex:       It affects your dexterity (+7).
   rN:        It protects you from negative energy.
Missiles
 g - 76 stones
 i - 2 atropa-tipped darts
 m - 8 boomerangs
 q - 28 poisoned darts
 r - 4 javelins
 x - 2 throwing nets {=f !f}
Armour
 n - a +0 pair of boots (worn)
 o - a +0 pair of gloves (worn)
 u - the +6 plate armour "Petyefe" (worn) {rC- rN+++ Regen+ rCorr Dex-5}
   (You found it on level 8 of the Dungeon)

   Dex:       It affects your dexterity (-5).
   rC:        It makes you vulnerable to cold.
   rN:        It renders you almost immune to negative energy.
   Regen:     It increases your rate of health regeneration.
   rCorr:     It protects you from acid and corrosion.
Wands
 v - a wand of paralysis (10)
 w - a wand of quicksilver (8)
 y - a wand of iceblast (1)
 E - a wand of polymorph (23)
Scrolls
 c - 3 scrolls of immolation
 k - 5 scrolls of teleportation
 p - 3 scrolls of magic mapping
 t - a scroll of blinking
Potions
 d - 6 potions of curing {@q1}
 e - 4 potions of lignification
 f - 4 potions of brilliance
 j - 4 potions of haste
 l - a potion of ambrosia
 s - 2 potions of degeneration {unknown}
 z - a potion of flight {unknown}
 D - a potion of magic {unknown}


   Skills:
 + Level 10.1 Fighting
 + Level 10.1 Ranged Weapons
 + Level 9.2 Dodging
 + Level 7.5 Stealth


You had 9 spell levels left.
You didn't know any spells.
Your spell library contained the following spells:

 Spells                   Type           Power      Damage    Failure   Level
 Sublimation of Blood     Necr           0%         N/A       100%        2
 Frozen Ramparts          Ice            0%         1d1       100%        3
 Ice Form                 Ice/Tmut       0%         N/A       100%        4
 Petrify                  Tmut/Erth      0%         N/A       100%        4
 Summon Ice Beast         Ice/Summ       0%         N/A       100%        4
 Irradiate                Conj/Tmut      0%         3d11      100%        5


Dungeon Overview and Level Annotations

Branches:
Dungeon (9/15)             Temple (1/1) D:7
   Lair: D:8-11         Orc: D:9-12

Altars:
Ashenzari
Cheibriados
Dithmenos
Elyvilon
Fedhas
Gozag
Hepliaklqana
Makhleb
Nemelex Xobeh
Ru
Uskayaw
Vehumet
Wu Jian
Xom
Yredelemnul
Zin

Shops:
D:5 !   D:7 :(

Annotations:
D:3 2 transporters, xzight's ghost, amateur OgFE


Innate Abilities, Weirdness & Mutations

You have a pair of horns on your head.
You reflexively headbutt those who attack you in melee.


Message History

You are engulfed in a cloud of scalding steam.
The freezing wraith is distracted by your dazzling golden aura.
Your Fighting skill increases to level 10!
Your Ranged Weapons skill increases to level 10!
There are monsters nearby!
You shoot a bolt. The bolt hits the manticore!!
The manticore is heavily wounded.
There are monsters nearby!
You shoot a bolt.
The bolt hits the manticore but does no damage.
The manticore is heavily wounded.
The manticore is engulfed in a cloud of scalding steam.
The manticore bites you.
The manticore claws you but does no damage.
The manticore barely misses you.
The manticore is engulfed in a cloud of scalding steam.
The manticore bites you.
The manticore claws you but does no damage. x2
You're standing in a cloud of steam!
You shoot a bolt. The bolt barely misses the manticore.
You are engulfed in a cloud of scalding steam.
The freezing wraith is no longer distracted by gold.
The manticore barely misses you.
The manticore claws you but does no damage.
The manticore claws you! The manticore closely misses you.
The manticore claws you!
The manticore claws you but does no damage.
There are monsters nearby!
You shoot a bolt. The bolt hits the manticore!
The manticore is almost dead.
The manticore bites you but does no damage.
The manticore claws you but does no damage. x2
The freezing wraith hits you but does no damage. x2
The manticore bites you but does no damage.
The manticore claws you.
The manticore claws you but does no damage.
The freezing wraith hits you but does no damage. x2
You shoot a bolt. The bolt hits the manticore!!
You kill the manticore!
The freezing wraith hits you but does no damage. x3
The freezing wraith hits you. The freezing wraith drains your vigour!
You feel yourself slow down. The freezing wraith hits you.
The freezing wraith freezes you!!
You feel a terrible chill! The freezing wraith barely misses you.
The freezing wraith hits you but does no damage. x2
You see here 19 gold pieces.
You shoot a bolt.
The bolt hits the freezing wraith but does no damage.
The freezing wraith barely misses you. The freezing wraith hits you!
The freezing wraith drains your vigour!
You feel as though you will be slow longer.
The freezing wraith hits you but does no damage. x3
The freezing wraith barely misses you.
You shoot a bolt.
The bolt hits the freezing wraith but does no damage.
The freezing wraith hits you but does no damage.
The freezing wraith hits you. The freezing wraith drains your vigour!
You feel as though you will be slow longer.
The freezing wraith hits you. The freezing wraith freezes you!
You feel a terrible chill!
* * * LOW HITPOINT WARNING * * *
The freezing wraith hits you but does no damage. x2
The freezing wraith hits you!
* * * LOW HITPOINT WARNING * * *
The freezing wraith drains your vigour!
You feel as though you will be slow longer.
Blink to where?
Press: ? - help, Q - select action, (/) - cycle Dir - move target, p - freezing wraith
As you read the scroll of blinking, it crumbles to dust.
Aiming: Paralyse
Press: ? - help, Q - select action, (/) - cycle Shift-Dir - straight line, f - freezing wraith
Aim: a freezing wraith (chance to affect: 31%)
The freezing wraith suddenly stops moving!
Fire: a) +0 arbalest
Press: ? - help, Q - select action, (/) - cycle Shift-Dir - straight line, f/p - freezing wraith
Aim: a freezing wraith (paralysed, 98% to hit)
You shoot a bolt.
The bolt completely misses the freezing wraith.
Fire: a) +0 arbalest
Press: ? - help, Q - select action, (/) - cycle Shift-Dir - straight line, f/p - freezing wraith
Aim: a freezing wraith (paralysed, 98% to hit)
You shoot a bolt. The bolt hits the freezing wraith.
The freezing wraith is lightly damaged.
Fire: a) +0 arbalest
Press: ? - help, Q - select action, (/) - cycle Shift-Dir - straight line, f/p - freezing wraith
Aim: a freezing wraith (lightly damaged, paralysed, 98% to hit)
You shoot a bolt. The bolt hits the freezing wraith!!
The freezing wraith is severely damaged.
Fire: a) +0 arbalest
Press: ? - help, Q - select action, (/) - cycle Shift-Dir - straight line, f/p - freezing wraith
Aim: a freezing wraith (severely damaged, paralysed, 98% to hit)
You shoot a bolt.
The bolt hits the freezing wraith but does no damage.
The freezing wraith is severely damaged.
The freezing wraith is no longer paralysed.
The freezing wraith hits you.
* * * LOW HITPOINT WARNING * * *
The freezing wraith freezes you!!
You feel a terrible chill!
You die...
Your body crumbles into a pile of gold.

..#.... #.#...
#..... ....## #...#
.. #.$.## ..#
#...[## ...
..####...W.###.#
.........@..#.<####
...................
#########...>......
#..........
##.......##
#........#
##....#..#$ #.<...#
# #.)...# $


You could see a freezing wraith.

Vanquished Creatures
  Pikel (D:6)
  2 manticores
  5 slime creatures (D:8)
  6 yaks (D:7)
  A shadow (D:8)
  3 steam dragons
  Menkaure (D:5)
  A water moccasin (D:6)
  2 ice beasts (D:6)
  3 orc warriors
  2 sky beasts
  A centaur (D:5)
  A lemure (D:6)
  A phantom (D:7)
  2 kobold brigands
  4 bullfrogs
  2 scorpions
  4 necrophages
  A gnoll sergeant (D:7)
  3 wights (D:7)
  4 killer bees (D:8)
  A howler monkey (D:4)
  4 hounds
  7 orc priests
  4 orc wizards
  3 iguanas
  Robin (D:2)
  2 adders
  11 gnolls
  2 shadow imps
  3 white imps
  2 ufetubi (D:5)
  4 dart slugs
  3 worms
  32 orcs
  4 endoplasms
  2 giant cockroaches
  10 goblins
  7 hobgoblins
  4 jackals (D:3)
  6 quokkas
  8 ball pythons
  3 bats
  5 frilled lizards
  15 kobolds
  6 rats
199 creatures vanquished.

Vanquished Creatures (others)
  6 plants (D:3)
6 creatures vanquished.

Grand Total: 205 creatures vanquished

Notes
Turn   | Place    | Note
-------+----------+-------------------------------------------
     0 | D:1      | Darkkill the Minotaur Hunter began the quest for the Orb.
     0 | D:1      | Reached XP level 1. HP: 18/18 MP: 0/0
    67 | D:1      | Reached skill level 1 in Stealth
    98 | D:1      | Reached XP level 2. HP: 25/25 MP: 1/1
   103 | D:1      | Found a faded altar of an unknown god.
   533 | D:2      | Identified the +3 leather armour "Ogedouf" {Regen+ Int+9
                  | Slay-5 SInv}
   548 | D:2      | Reached XP level 3. HP: 31/31 MP: 2/2
   924 | D:2      | Noticed Robin
   935 | D:2      | Killed Robin
   941 | D:2      | Identified a scroll of acquirement
   941 | D:2      | Acquired 799 gold pieces
  1196 | D:3      | Reached skill level 5 in Ranged Weapons
  1196 | D:3      | Reached XP level 4. HP: 30/38 MP: 3/3
  1199 | D:3      | Identified the +8 whip "Ecoghude" {spect, rN+ Dex+7}
  1349 | D:3      | Reached XP level 5. HP: 44/46 MP: 4/4
  1420 | D:3      | Found a transporter.
  1427 | D:3      | Noticed xzight's ghost (amateur OgFE)
  1427 | D:3      | Identified the +5 scale mail of Tomorrow {Int+3}
  1542 | D:3      | Found a transporter.
  1636 | D:3      | Found a burning altar of Makhleb.
  1636 | D:3      | Found a blossoming altar of Fedhas.
  1708 | D:3      | Reached XP level 6. HP: 52/52 MP: 5/5
  2919 | D:5      | Entered Level 5 of the Dungeon
  2936 | D:5      | Reached skill level 5 in Fighting
  2936 | D:5      | Reached XP level 7. HP: 28/61 MP: 6/6
  3301 | D:5      | Noticed a steam dragon
  3308 | D:5      | Killed a steam dragon
  3309 | D:5      | Reached skill level 5 in Dodging
  3450 | D:5      | Noticed Menkaure
  3457 | D:5      | HP: 3/62 [Menkaure (12)]
  3460 | D:5      | Killed Menkaure
  3584 | D:5      | Found Heihophu's Distillery.
  3591 | D:5      | Reached XP level 8. HP: 67/70 MP: 7/7
  3598 | D:5      | Bought a potion of heal wounds for 55 gold pieces
  3598 | D:5      | Bought a potion of heal wounds for 55 gold pieces
  3598 | D:5      | Bought a potion of heal wounds for 55 gold pieces
  3598 | D:5      | Bought a potion of curing for 33 gold pieces
  3789 | D:6      | Found a basalt altar of Yredelemnul.
  3847 | D:6      | HP: 13/70 [ice beast (12)]
  4051 | D:6      | HP: 14/71 [water moccasin (2)]
  4052 | D:6      | HP: 5/71 [water moccasin (8)]
  4052 | D:6      | HP: 2/71 [water moccasin (3)]
  4059 | D:6      | HP: 11/71 [poisoned by a scorpion]
  4064 | D:6      | HP: 10/71 [poisoned by a scorpion]
  4258 | D:6      | Noticed Pikel
  4265 | D:6      | Killed Pikel
  4266 | D:6      | Reached skill level 5 in Stealth
  4266 | D:6      | Reached XP level 9. HP: 40/79 MP: 8/8
  4705 | D:7      | Found a staircase to the Ecumenical Temple.
  4718 | Temple   | Entered the Ecumenical Temple
  4749 | Temple   | Became a worshipper of Gozag Ym Sagoz the Greedy
  4864 | D:7      | Found Bopal's Book Shoppe.
  4906 | D:7      | Identified the +1 leather armour of Oblivion {-Tele rF+
                  | Str+3 Int+4}
  5080 | D:7      | Found a sacrificial altar of Ru.
  5281 | D:7      | Bought a +2 shortbow for 210 gold pieces
  5294 | D:7      | HP: 14/82 [steam dragon/ball of steam (10)]
  5492 | D:7      | Reached XP level 10. HP: 38/89 MP: 9/9
  5908 | D:8      | Identified the +6 plate armour "Petyefe" {rC- rN+++ Regen+
                  | rCorr Dex-5}
  6340 | D:8      | HP: 17/91 [slime creature (13)]
  6476 | D:8      | Found a glowing silver altar of Zin.
  6564 | D:8      | Noticed a manticore
  6577 | D:8      | Killed a manticore
  6861 | D:9      | Noticed a manticore
  6865 | D:9      | Reached skill level 10 in Fighting
  6865 | D:9      | Reached skill level 10 in Ranged Weapons
  6869 | D:9      | Killed a manticore
  6872 | D:9      | HP: 10/93 [freezing wraith (10)]
  6878 | D:9      | Mangled by a freezing wraith

Illustrated notes

Levels and vault maps discovered:
D:1:      dpeg_arrival_short_road, layout_rooms,
          chequers_ecumenical_altar_simple
D:2:      layout_loops_ring, minmay_tall_x, uniq_robin
D:3:      cheibrodos_pilgrimage, layout_basic,
          gammafunk_temple_overflow_elements, gammafunk_ghost_gnarly_gnolls
D:4:      layout_basic, minmay_vboxes
D:5:      layout_basic, serial_shops, shop, uniq_menkaure
D:6:      layout_basic, mainiacjoe_overflow_alcove_2, uniq_pikel
D:7:      layout_basic, kennysheep_mini_moat, minmay_temple_entry_mini_moons,
          serial_shops, shop
D:8:      layout_basic, kennysheep_mini
D:9:      hangedman_cross_cluster, layout_cave_pods,
          nzn_overflow_gifts_of_might_and_magic, nicolae_tso_carved_into_rock,
          chequers_garden, minivault_20, minmay_hollow_rounded_squares
Temple:   nicolae_temple_great_sept

Skill      XL: |  1  2  3  4  5  6  7  8  9 10 |
---------------+-------------------------------+-----
Stealth        | 1 2 3 4 5 6 7 |  7.5
Fighting       | 3 4 5 6 7 9 10 | 10.1
Ranged Weapons | 5 6 7 9 10 | 10.1
Dodging        | 3 4 5 6 8 9 |  9.2

Action                   |  1- 3 |  4- 6 |  7- 9 | 10-12 || total
-------------------------+-------+-------+-------+-------++-------
Melee: Whip              |       |    36 |   137 |    41 ||   214
       Headbutt          |       |     6 |    41 |    10 ||    57
       Punch             |       |     2 |     3 |       ||     5
 Fire: Shortbow          |   102 |   135 |   253 |   121 ||   611
       Arbalest          |       |       |       |    25 ||    25
Invok: Call Merchant     |       |       |     1 |       ||     1
Evoke: Wand              |       |       |       |     1 ||     1
  Use: Scroll            |     8 |     8 |     3 |     2 ||    21
       Potion            |       |       |     8 |       ||     8
 Stab: Distracted        |       |       |     4 |     2 ||     6
       Sleeping          |       |       |     2 |       ||     2
Armor: Leather armour    |    19 |    39 |   119 |       ||   177
       Skin              |       |       |     4 |       ||     4
       Plate armour      |       |       |       |   152 ||   152
Dodge: Dodged            |    41 |    83 |   344 |    51 ||   519

Table legend: (Time is in decaauts)
 A = Elapsed time spent in this place.
 B = Non-inter-level travel time spent in this place.
 C = Inter-level travel time spent in this place.
 D = Time resting spent in this place.
 E = Time spent auto-exploring this place.
 F = Levels seen in this place.
 G = Mean time per level.
                   A        B        C        D        E       F      G
               +--------+--------+--------+--------+--------+-----+--------+
         Total |   7244 |   6911 |    333 |    161 |   4801 |  10 |  724.4 |
       Dungeon |   7199 |   6866 |    333 |    161 |   4801 |   9 |  799.9 |
        Temple |     45 |     45 |      0 |      0 |      0 |   1 |   45.0 |
               +--------+--------+--------+--------+--------+-----+--------+

Top non-repeatable levels by time:
     D:7: 1158 daAuts
     D:6: 1052 daAuts
     D:8: 1015 daAuts
     D:4: 976 daAuts
     D:5: 897 daAuts
     D:3: 807 daAuts
     D:2: 703 daAuts
     D:1: 503 daAuts
     D:9: 84 daAuts
  Temple: 45 daAuts

Table legend:
 A = Kills in this place as a percentage of kills in entire the game.
 B = Kills by you in this place as a percentage of kills by you in the entire game.
 C = Kills by friends in this place as a percentage of kills by friends in the entire game.
 D = Other kills in this place as a percentage of other kills in the entire game.
 E = Experience gained in this place as a percentage of experience gained in the entire game.
 F = Experience gained in this place divided by the number of levels of this place that you have seen.
                   A       B       C       D       E      F
               +-------+-------+-------+-------+-------+----------------------
         Total | 100.0 | 100.0 |   N/A |   N/A | 100.0 | 924.0
       Dungeon |  99.5 |  99.5 |   N/A |   N/A | 100.0 | 1026.3
        Temple |   0.5 |   0.5 |   N/A |   N/A |   0.0 |   3.0
               +-------+-------+-------+-------+-------+----------------------
